PIO
PORTLAND TIGERS @ WASHINGTON (RK+) NATIONALS
08/18/2099
 
TOP OF THE 1ST
Portland Tigers batting - Pitching for Washington (Rk+) Nationals : RHP Sean Riso
Pitching: RHP Sean Riso
Batting: RHB Danny Shipman 0-0: Ball
1-0: Ball
2-0: Foul Ball, location: 3FF
2-1: Called Strike
2-2: Strikes out swinging
Batting: RHB Angelo Villagrana 0-0: Ball
1-0: Ball
2-0: Ground out 3-1 (Groundball, 34, EV 88.8 MPH)
Batting: RHB Mike Walters 0-0: Called Strike
0-1: Ball
1-1: Called Strike
1-2: Foul Ball, location: 9LSF
1-2: Foul Ball, location: 25F
1-2: Ground out 5-3 (Groundball, 56, EV 99.4 MPH)
Top of the 1st over - 0 runs, 0 hits, 0 errors, 0 left on base; Portland 0 - Washington (Rk+) 0
BOTTOM OF THE 1ST
Washington (Rk+) Nationals batting - Pitching for Portland Tigers : LHP Giacomo Costocurta
Pitching: LHP Giacomo Costocurta
Batting: RHB Leonard Holmes 0-0: Bunt missed!
0-1: Foul Ball, location: 2F
0-2: Ball
1-2: DOUBLE (Flyball, 78D, EV 102.5 MPH)
Batting: RHB Josh Alfaro 0-0: Ball
1-0: Ball
2-0: Called Strike
2-1: Fly out, F8 (Line Drive, 8RD, EV 93.1 MPH)
Batting: RHB Kenny Moyer 0-0: Foul Ball, location: 5FF
0-1: Called Strike
0-2: Foul Ball, location: 23FF
0-2: Strikes out swinging
Batting: LHB Jeremy Paula 0-0: Foul Ball, location: 7LDF
0-1: Ball
1-1: Ball
2-1: Foul Ball, location: 5FF
2-2: SINGLE (Groundball, 4S, EV 68.1 MPH) (infield hit)
Leonard Holmes to third
Batting: RHB Gus Novelo 0-0: Called Strike
0-1: Ball
1-1: Foul Ball, location: 2F
1-2: Foul Ball, location: 2F
1-2: Strikes out swinging
Bottom of the 1st over - 0 runs, 2 hits, 0 errors, 2 left on base; Portland 0 - Washington (Rk+) 0
TOP OF THE 2ND
Portland Tigers batting - Pitching for Washington (Rk+) Nationals : RHP Sean Riso
Batting: LHB Chris Clark 0-0: Called Strike
0-1: Swinging Strike
0-2: SINGLE (Groundball, 4, EV 90.6 MPH) (infield hit)
Batting: RHB Nick O'Hanlon 0-0: Ball
1-0: Foul Ball, location: 9LSF
1-1: Ball
2-1: Ball
3-1: Grounds into double play, 6-4-3 (Groundball, 6, EV 88.8 MPH)
Batting: LHB Moises Lara 0-0: Called Strike
0-1: Ground out 6-3 (Groundball, 6, EV 88.1 MPH)
Top of the 2nd over - 0 runs, 1 hit, 0 errors, 0 left on base; Portland 0 - Washington (Rk+) 0
BOTTOM OF THE 2ND
Washington (Rk+) Nationals batting - Pitching for Portland Tigers : LHP Giacomo Costocurta
Batting: LHB German Rodriguez 0-0: Ball
1-0: Ground out 6-3 (Groundball, 6S, EV 85.0 MPH)
Batting: RHB Jim Miller 0-0: Ball
1-0: Fly out, F4 (Popup, 23, EV 86.9 MPH)
Batting: LHB Victor Cardenas 0-0: SINGLE (Groundball, 34D, EV 103.8 MPH)
Batting: RHB Brent Krall 0-0: Called Strike
0-1: Called Strike
0-2: Foul Ball, location: 2F
0-2: Ball
1-2: Fielders Choice at 2nd, 6-4 (Groundball, 56, EV 84.4 MPH)
Bottom of the 2nd over - 0 runs, 1 hit, 0 errors, 1 left on base; Portland 0 - Washington (Rk+) 0
TOP OF THE 3RD
Portland Tigers batting - Pitching for Washington (Rk+) Nationals : RHP Sean Riso
Batting: RHB Doug Marlow 0-0: Swinging Strike
0-1: Ball
1-1: Swinging Strike
1-2: Strikes out swinging
Batting: RHB Ben Staff 0-0: Swinging Strike
0-1: Ground out 5-3 (Groundball, 5S, EV 61.3 MPH)
Batting: RHB Andres Velazquez 0-0: Called Strike
0-1: Called Strike
0-2: Ground out U3 (Groundball, 3, EV 103.1 MPH)
Top of the 3rd over - 0 runs, 0 hits, 0 errors, 0 left on base; Portland 0 - Washington (Rk+) 0
BOTTOM OF THE 3RD
Washington (Rk+) Nationals batting - Pitching for Portland Tigers : LHP Giacomo Costocurta
Batting: RHB Leonard Holmes 0-0: Called Strike
0-1: Ball
1-1: Swinging Strike
1-2: Ball
2-2: SINGLE (Groundball, 15, EV 69.4 MPH) (infield hit)
Batting: RHB Josh Alfaro 0-0: Ball
1-0: Foul Ball, location: 2F
1-1: Called Strike
1-2: Strikes out swinging
Batting: RHB Kenny Moyer 0-0: Called Strike
0-1: Called Strike
0-2: Ball
1-2: SINGLE (Line Drive, 6M, EV 98.1 MPH)
Leonard Holmes to second
Batting: LHB Jeremy Paula 0-0: Swinging Strike
0-1: Swinging Strike
0-2: Ball
1-2: Foul Ball, location: 7LDF
1-2: Strikes out looking
Batting: RHB Gus Novelo 0-0: Ball
1-0: SINGLE (Flyball, 8LS, EV 88.1 MPH)
Leonard Holmes to third
Kenny Moyer to second
Runner from 3rd tries for Home, SAFE, throw by CF to home
Batting: LHB German Rodriguez 0-0: SINGLE (Groundball, 4M, EV 99.4 MPH) (infield hit)
Kenny Moyer to third
Gus Novelo to second
Batting: RHB Jim Miller 0-0: Called Strike
0-1: Called Strike
0-2: Ball
1-2: Ball
2-2: Strikes out looking
Bottom of the 3rd over - 1 run, 4 hits, 0 errors, 3 left on base; Portland 0 - Washington (Rk+) 1
TOP OF THE 4TH
Portland Tigers batting - Pitching for Washington (Rk+) Nationals : RHP Sean Riso
Batting: RHB Danny Shipman 0-0: Ball
1-0: Ball
2-0: Ball
3-0: Base on Balls
Batting: RHB Angelo Villagrana 0-0: Ball
1-0: Called Strike
Danny Shipman steals 2nd base
1-1: Swinging Strike
1-2: Strikes out swinging
Batting: RHB Mike Walters 0-0: Ball
1-0: Ball
2-0: Fly out, F7 (Line Drive, 78M, EV 90.0 MPH)
Batting: LHB Chris Clark 0-0: Called Strike
0-1: Ball
1-1: Foul Ball, location: 2F
1-2: Foul Ball, location: 2F
1-2: Fly out, F9 (Flyball, 9LS, EV 80.6 MPH)
Top of the 4th over - 0 runs, 0 hits, 0 errors, 1 left on base; Portland 0 - Washington (Rk+) 1
BOTTOM OF THE 4TH
Washington (Rk+) Nationals batting - Pitching for Portland Tigers : LHP Giacomo Costocurta
Batting: LHB Victor Cardenas 0-0: Ball
1-0: Ball
2-0: Called Strike
2-1: Foul Ball, location: 3FF
2-2: Ball
3-2: Fly out, F9 (Flyball, 9, EV 78.1 MPH)
Batting: RHB Brent Krall 0-0: Ball
1-0: Foul Ball, location: 9LSF
1-1: Ball
2-1: Foul Ball, location: 2F
2-2: SINGLE (Flyball, 4D, EV 96.9 MPH)
Batting: RHB Leonard Holmes 0-0: Ball
1-0: Called Strike
1-1: Ball
2-1: Swinging Strike
2-2: TRIPLE (Line Drive, 78XD, EV 102.5 MPH)
Brent Krall scores
Batting: RHB Josh Alfaro 0-0: Ball
1-0: Called Strike
1-1: Foul Ball, location: 2F
1-2: Ball
2-2: Foul Ball, location: 2F
2-2: SINGLE (Groundball, 4MD, EV 100.6 MPH)
Leonard Holmes scores
Pitching: RHP Victor Rodriguez
Batting: RHB Kenny Moyer 0-0: Ball
1-0: Foul Ball, location: 5F
1-1: Called Strike
1-2: Foul Ball, location: 7LDF
1-2: Grounds into double play, 6-4-3 (Groundball, 56, EV 90.6 MPH)
Bottom of the 4th over - 2 runs, 3 hits, 0 errors, 0 left on base; Portland 0 - Washington (Rk+) 3
TOP OF THE 5TH
Portland Tigers batting - Pitching for Washington (Rk+) Nationals : RHP Sean Riso
Batting: RHB Nick O'Hanlon 0-0: SINGLE (Groundball, 5D, EV 94.4 MPH)
Batting: LHB Moises Lara 0-0: Foul Ball, location: 5SF
0-1: Ball
1-1: Called Strike
1-2: Ball
2-2: Strikes out swinging
Batting: RHB Doug Marlow 0-0: Grounds into double play, 6-4-3 (Groundball, 6, EV 83.1 MPH)
Top of the 5th over - 0 runs, 1 hit, 0 errors, 0 left on base; Portland 0 - Washington (Rk+) 3
BOTTOM OF THE 5TH
Washington (Rk+) Nationals batting - Pitching for Portland Tigers : RHP Victor Rodriguez
Batting: LHB Jeremy Paula 0-0: Fly out, F3 (Line Drive, 3, EV 76.9 MPH)
Batting: RHB Gus Novelo 0-0: Ball
1-0: Ball
2-0: Called Strike
2-1: Ground out 5-3 (Groundball, 56S, EV 79.4 MPH)
Batting: LHB German Rodriguez 0-0: Ball
1-0: Ball
2-0: Called Strike
2-1: Ground out 4-3 (Groundball, 4, EV 78.1 MPH)
Bottom of the 5th over - 0 runs, 0 hits, 0 errors, 0 left on base; Portland 0 - Washington (Rk+) 3
TOP OF THE 6TH
Portland Tigers batting - Pitching for Washington (Rk+) Nationals : RHP Sean Riso
Batting: RHB Ben Staff 0-0: SOLO HOME RUN (Flyball, 9LD, EV 95.0 MPH), Distance : 352 ft
Batting: RHB Andres Velazquez 0-0: Ground out 5-3 (Groundball, 5L, EV 103.1 MPH)
Batting: RHB Danny Shipman 0-0: Ball
1-0: Ball
2-0: Ball
3-0: Base on Balls
Batting: RHB Angelo Villagrana 0-0: Ball
1-0: Foul Ball, location: 2F
1-1: Called Strike
1-2: Ball
2-2: Fielders Choice at 2nd, 5-4 (Groundball, 5S, EV 92.5 MPH)
Batting: RHB Mike Walters 0-0: SINGLE (Groundball, 6MD, EV 95.0 MPH)
Angelo Villagrana to second
Batting: LHB Chris Clark 0-0: Ball
1-0: Ball
2-0: SINGLE (Groundball, 6MD, EV 108.1 MPH)
Angelo Villagrana to third
Mike Walters to second
Runner from 3rd tries for Home, SAFE, throw by CF to home
Pinch Runner at 2nd Brent Lewis:
Batting: RHB Nick O'Hanlon 0-0: Ball
1-0: Foul Ball, location: 2F
1-1: Fly out, F4 (Line Drive, 4, EV 68.1 MPH)
Top of the 6th over - 2 runs, 3 hits, 0 errors, 2 left on base; Portland 2 - Washington (Rk+) 3
BOTTOM OF THE 6TH
Washington (Rk+) Nationals batting - Pitching for Portland Tigers : RHP Victor Rodriguez
Now at 1B: Chase Herfel
Pinch Hitting: LHB Manny Marin 0-0: Swinging Strike
0-1: Called Strike
0-2: Ball
1-2: Strikes out swinging
Batting: LHB Victor Cardenas 0-0: Swinging Strike
0-1: Ball
1-1: Ball
2-1: Ball
3-1: Base on Balls
Batting: RHB Brent Krall 0-0: Called Strike
0-1: Ball
1-1: Foul Ball, location: 9LMF
1-2: Strikes out swinging
Batting: RHB Leonard Holmes 0-0: Foul Ball, location: 2F
0-1: SINGLE (Groundball, 2L, EV 72.5 MPH) (infield hit)
Victor Cardenas to second
Batting: RHB Josh Alfaro 0-0: Ball
1-0: SINGLE (Groundball, 34D, EV 100.6 MPH)
Victor Cardenas to third
Leonard Holmes to second
Runner from 3rd tries for Home, SAFE, throw by RF to home
Batting: RHB Kenny Moyer 0-0: Foul Ball, location: 7LSF
0-1: Ball
1-1: Ball
2-1: Foul Ball, location: 2F
2-2: DOUBLE (Flyball, 78D, EV 104.4 MPH)
Leonard Holmes scores
Josh Alfaro to third
Pitching: RHP Lorenzo Moroyoqui
Batting: LHB Jeremy Paula 0-0: Swinging Strike
0-1: Ball
1-1: SINGLE (Flyball, 4D, EV 91.9 MPH) - OUT at second base trying to stretch hit.
Josh Alfaro scores
Kenny Moyer scores
Bottom of the 6th over - 4 runs, 4 hits, 0 errors, 0 left on base; Portland 2 - Washington (Rk+) 7
TOP OF THE 7TH
Portland Tigers batting - Pitching for Washington (Rk+) Nationals : RHP Sean Riso
Now at 1B: Jose Mora
Batting: LHB Moises Lara 0-0: Ball
1-0: Foul Ball, location: 7LSF
1-1: Called Strike
1-2: Fly out, F9 (Line Drive, 89M, EV 91.9 MPH)
Pitching: RHP Drew Cox
Pinch Hitting: RHB Mark Cimino 0-0: Called Strike
0-1: Ball
1-1: Fly out, F9 (Flyball, 9S, EV 89.4 MPH)
Pinch Hitting: RHB Rico Mestas 0-0: Ball
1-0: Called Strike
1-1: Foul Ball, location: 3FF
1-2: Ball
2-2: Ground out 6-3 (Groundball, 6, EV 101.3 MPH)
Top of the 7th over - 0 runs, 0 hits, 0 errors, 0 left on base; Portland 2 - Washington (Rk+) 7
BOTTOM OF THE 7TH
Washington (Rk+) Nationals batting - Pitching for Portland Tigers : RHP Lorenzo Moroyoqui
Now at 2B: Ivan Canas
Now at SS: Moises Lara
Now in LF: Mark Cimino
Now in RF: Chris Clark
Batting: RHB Gus Novelo 0-0: Ball
1-0: Foul Ball, location: 5DF
1-1: Ball
2-1: Fly out, F4 (Popup, 4S, EV 80.6 MPH)
Batting: LHB German Rodriguez 0-0: Ball
1-0: Called Strike
1-1: Fly out, F6 (Popup, 6M, EV 75.6 MPH)
Batting: RHB Jose Mora 0-0: Ground out 5-3 (Groundball, 5, EV 85.0 MPH)
Bottom of the 7th over - 0 runs, 0 hits, 0 errors, 0 left on base; Portland 2 - Washington (Rk+) 7
TOP OF THE 8TH
Portland Tigers batting - Pitching for Washington (Rk+) Nationals : RHP Drew Cox
Batting: RHB Andres Velazquez 0-0: Called Strike
0-1: Ground out 6-3 (Groundball, 56, EV 104.4 MPH)
Pinch Hitting: RHB Josh Cummings 0-0: Swinging Strike
0-1: Ball
1-1: Ball
2-1: Foul Ball, location: 2F
2-2: Ball
3-2: Base on Balls
Batting: RHB Angelo Villagrana 0-0: Called Strike
0-1: Foul Ball, location: 5FF
0-2: Ball
1-2: Foul Ball, location: 5F
1-2: Ball
2-2: Foul Ball, location: 9LDF
2-2: Strikes out looking
Batting: RHB Chase Herfel 0-0: Called Strike
0-1: Ball
1-1: Foul Ball, location: 2F
1-2: Fielders Choice at 2nd, 5-4 (Groundball, 5, EV 80.0 MPH)
Top of the 8th over - 0 runs, 0 hits, 0 errors, 1 left on base; Portland 2 - Washington (Rk+) 7
BOTTOM OF THE 8TH
Washington (Rk+) Nationals batting - Pitching for Portland Tigers : RHP Lorenzo Moroyoqui
Now in CF: Luis Chacon
Batting: LHB Victor Cardenas 0-0: Ground out 6-3 (Groundball, 6M, EV 91.9 MPH)
Batting: RHB Brent Krall 0-0: Called Strike
0-1: Foul Ball, location: 5SF
0-2: Foul Ball, location: 2F
0-2: Ball
1-2: Ball
2-2: Foul Ball, location: 2F
2-2: Foul Ball, location: 5F
2-2: Ball
3-2: Foul Ball, location: 7LMF
3-2: Fly out, F9 (Flyball, 9S, EV 93.8 MPH)
Batting: RHB Leonard Holmes 0-0: Foul Ball, location: 2F
0-1: Ground out 6-3 (Groundball, 56, EV 84.4 MPH)
Bottom of the 8th over - 0 runs, 0 hits, 0 errors, 0 left on base; Portland 2 - Washington (Rk+) 7
TOP OF THE 9TH
Portland Tigers batting - Pitching for Washington (Rk+) Nationals : RHP Drew Cox
Batting: LHB Chris Clark 0-0: Called Strike
0-1: Swinging Strike
0-2: Foul Ball, location: 2F
0-2: Ball
1-2: SINGLE (Groundball, 4MD, EV 96.9 MPH)
Batting: RHB Nick O'Hanlon 0-0: Called Strike
0-1: Ball
1-1: Fly out, F9 (Flyball, 89M, EV 90.0 MPH)
Pitching: RHP Jose Loya
Batting: LHB Moises Lara 0-0: Called Strike
0-1: Ball
1-1: 2-RUN HOME RUN (Flyball, 89XD, EV 108.1 MPH), Distance : 393 ft
Batting: RHB Mark Cimino 0-0: Called Strike
0-1: Called Strike
0-2: Ball
1-2: Ball
2-2: Ball
3-2: Strikes out swinging
Batting: RHB Ivan Canas 0-0: Foul Ball, location: 7LMFF
0-1: Ball
1-1: Called Strike
1-2: Ground out 6-3 (Groundball, 6M, EV 100.6 MPH)
Top of the 9th over - 2 runs, 2 hits, 0 errors, 0 left on base; Portland 4 - Washington (Rk+) 7
Wednesday, May 15th , 2024 - OOTP Baseball 24.11 Build 85